 Dungeon Sprint DCSS version 0.25-a0-589-g1e14c549ee (webtiles) character file.

Game seed: 9112343435277934929, levelgen mode: deterministic

426 jt the Blocker (level 6, 8/37 HPs)
             Began as a Gargoyle Fighter on Mar 9, 2020.
             Got out of the dungeon alive.
             The game lasted 00:00:35 (143 turns).

jt the Blocker (Gargoyle Fighter)                    Turns: 143, Time: 00:00:36

Health: 8/37       AC: 11    Str: 21    XL:     6   Next: 97%
Magic:  6/6        EV:  9    Int:  9    God:
Gold:   0          SH: 12    Dex:  9    Spells: 5/5 levels left

rFire    . . .     SeeInvis .   a - +0 flail
rCold    . . .     Gourm    .   c - +0 kite shield
rNeg     + . .     Faith    .   b - +0 scale mail
rPois    ∞         Spirit   .   (no helmet)
rElec    +         Reflect  .   (no cloak)
rCorr    .         Harm     .   (no gloves)
MR       .....     NoTele   +   (no boots)
Stlth    ..........             (no amulet)
HPRegen  0.12/turn              (no ring)
MPRegen  0.10/turn              (no ring)

@: mighty, hasted, very quick
A: negative energy resistance 1, electricity resistance, unbreathing,
petrification resistance, rot immunity, AC +4
a: no special abilities


You escaped.
You were not hungry.

You visited 1 branch

Inventory:

Hand Weapons
 a - a +0 flail (weapon)
Armour
 b - a +0 scale mail (worn)
 c - a +0 kite shield (worn)
Scrolls
 k - a scroll of blinking
Potions
 e - a potion of curing
 g - a potion of heal wounds
 i - 2 potions of magic
Comestibles
 f - a ration
 j - 3 chunks of flesh


   Skills:
 - Level 3.2 Fighting
 + Level 10.3 Maces & Flails
 - Level 3.2 Armour
 + Level 11.4 Shields


You had 5 spell levels left.
You didn't know any spells.
Your spell library was empty.

Dungeon Overview and Level Annotations

Branches:
Dungeon (1/1)

Altars:


Innate Abilities, Weirdness & Mutations

You are resistant to torment.
Your stone body is resilient. (AC +4)
You are immune to poison.
You resist negative energy. (rN+)
You are resistant to electric shocks. (rElec)
You can survive without breathing.
You are immune to petrification.
You are immune to rotting.


Message History

You break out of your daze!
You kill the merfolk siren!
Your Maces & Flails skill gained 4 levels and is now at level 10!
Your Shields skill gained 4 levels and is now at level 11!
You have reached level 5!
You have reached level 6!
Your experience leads to an increase in your attributes!
Increase (S)trength, (I)ntelligence, or (D)exterity?
You feel stronger.
You open the door. 2 tyrant leeches come into view.
Found 243 gold pieces.
You closely miss the tyrant leech. You barely miss the tyrant leech.
The tyrant leech bites you!!
Ouch! That really hurt!
* * * LOW HITPOINT WARNING * * *
You are too injured to fight recklessly!
There is a staircase leading out of the dungeon here.
Are you sure you want to leave the Dungeon?
This will make you lose the game!
You have escaped!

## ## ##.
.## .. ..
## w#$
##.# #'#
#...##w##
#)'.@.+
#...##.##
##.###'#
## #.#.#
#..#..#
###$###
+#


You could see 2 tyrant leeches.

Vanquished Creatures
  A merfolk siren (D)
  4 worker ants (D)
5 creatures vanquished.

Vanquished Creatures (others)
  Menkaure (D)
  A crocodile (D)
2 creatures vanquished.

Grand Total: 7 creatures vanquished

Notes
Turn   | Place    | Note
-------+----------+-------------------------------------------
     0 | D        | jt the Gargoyle Fighter began the quest for the Orb.
     0 | D        | Reached XP level 1. HP: 14/14 MP: 1/1
     1 | D        | Noticed a worker ant
     1 | D        | Noticed a worker ant
     1 | D        | Noticed a worker ant
     1 | D        | Noticed a worker ant
     9 | D        | Killed a worker ant
     9 | D        | Reached skill level 5 in Shields
     9 | D        | Reached XP level 2. HP: 19/19 MP: 2/2
     9 | D        | Reached XP level 3. HP: 23/23 MP: 3/3
    12 | D        | Reached skill level 5 in Maces & Flails
    12 | D        | Reached skill level 6 in Shields
    24 | D        | Reached XP level 4. HP: 23/28 MP: 4/4
    27 | D        | Killed a crocodile
    28 | D        | Reached skill level 7 in Shields
    82 | D        | Killed Menkaure
   117 | D        | Noticed a merfolk siren
   135 | D        | Killed a merfolk siren
   135 | D        | Reached skill level 10 in Maces & Flails
   135 | D        | Reached skill level 11 in Shields
   135 | D        | Reached XP level 5. HP: 32/32 MP: 5/5
   135 | D        | Reached XP level 6. HP: 37/37 MP: 6/6
   138 | D        | Noticed a tyrant leech
   138 | D        | Noticed a tyrant leech
   143 | D        | Got out of the dungeon alive.

Levels and vault maps discovered:
D:        the_violet_keep_of_menkaure [sprint2_stairs_cluster_1,
          sprint2_shoproom, sprint2_temple, sprint2_basic_supplies,
          sprint2_obstacle_7, sprint2_obstacle_5, sprint2_obstacle_1,
          sprint2_obstacle_3, sprint2_obstacle_6, sprint2_timed_cluster_1,
          sprint2_smallroom_cluster_1, sprint2_smallroom_final_cluster_1,
          sprint2_transparent_cluster_1, sprint2_second_timed_cluster_1,
          sprint2_sniper_area_1, sprint2_heavy_combat_area_1,
          sprint2_mutation_trap_area_1, sprint2_forest_area_1,
          sprint2_light_combat_area_1, sprint2_behind_water_1,
          sprint2_near_end_vault_1]

Skill      XL: |  1  2  3  4 |
---------------+-------------+-----
Maces & Flails | 4 5 10 | 10.3
Shields        | 5 6 11 | 11.4
Fighting       | |  3.2
Armour         | |  3.2

Action                   |  1- 3 |  4- 6 || total
-------------------------+-------+-------++-------
Melee: Flail             |    22 |    20 ||    42
  Use: Potion            |     1 |     2 ||     3
Armor: Scale mail        |     9 |     4 ||    13
Dodge: Dodged            |     6 |     2 ||     8
Block: Kite shield       |    10 |     2 ||    12

Table legend:
 A = Non-vault XP
 B = Vault XP
 C = Vault XP percentage of total XP
 D = Non-vault monster count
 E = Vault monster count
 F = Vault count percentage of total count
                 A         B        C        D         E       F
            +---------+---------+-------+---------+---------+-------
      Total |       0 |     609 | 100.0 |       0 |       5 | 100.0
            +---------+---------+-------+---------+---------+-------
          D |       0 |     609 | 100.0 |       0 |       5 | 100.0
            +---------+---------+-------+---------+---------+-------
